Map: [ESL] Data-C

Players

Solar - Winner!

  • Race: Zerg Zerg
  • Spawn Location: 9:00

Aristori

  • Race: Zerg Zerg
  • Spawn Location: 3:00

Event: DreamHack SC2 Masters 2022 Valencia

VOD

Have the link to the VOD?

Description

Time

  • Played on: July 1, 2022, 10 a.m.
  • Length: 5:25

All games in this series

Show
View Real Time Build Order
Export as new Build Order

Solar Zerg - Winner!

Build Orders: Hatch First, Zergling Baneling 

Get SALT Encoding   

  12  0:00  Drone  
  13  0:12  Overlord  
  13  0:17  Drone  
  14  0:30  Drone  
  14  0:31  Drone  
  16  0:49  Hatchery  
  15  0:51  Drone  
  15  0:55  Drone  
  17  0:58  Drone  
  18  1:10  Extractor  
  17  1:14  Spawning Pool  
  17  1:17  Drone  
  17  1:19  Drone  
  18  1:28  Drone  
  19  1:39  Drone  
  20  1:49  Drone  
  21  2:00  Queen x2  
  26  2:01  Overlord, Zergling x2  
  26  2:11  Drone x2  
  26  2:13  Metabolic Boost  
  28  2:22  Drone x2  
  30  2:34  Hatchery  
  30  2:36  Zergling x2  
  30  2:39  Zergling x2  
  30  2:44  Baneling Nest  
  30  2:47  Zergling x2  
  32  2:51  Zergling x2  
  32  2:55  Overlord  
  32  2:58  Zergling x2  
  33  3:01  Queen  
  35  3:09  Evolution Chamber, Zergling x2  
  35  3:15  Evolution Chamber, Zergling x10  
  39  3:21  Zergling x4  
  39  3:25  Zergling x4  
  43  3:27  Baneling x2  
  43  3:37  Overlord  
  43  3:38  Baneling x2  
  42  3:43  Zergling x2  
  37  3:50  Baneling  
  37  3:51  Drone x2  
  37  3:55  Drone  
  39  3:56  Drone  
  40  4:08  Zergling x4  
  41  4:19  Drone x2  
  43  4:31  Zergling x2  
  43  4:32  Zergling x2  
  41  4:39  Queen  
  41  4:40  Zergling x2  
  41  4:41  Zergling x2  
  41  4:43  Drone x3  
  48  4:47  Hatchery  
  48  4:51  Zergling x2  
  48  4:53  Baneling x2  
  48  4:54  Overlord  
  48  4:56  Baneling x2  
  48  4:59  Zergling x2  
  49  5:07  Drone  
  49  5:09  Baneling x4  
  49  5:10  Drone  
Show
View Real Time Build Order
Export as new Build Order

Aristori Zerg 

Build Orders: Hatch First, Zergling Baneling 

Get SALT Encoding   

  12  0:00  Drone  
  13  0:12  Overlord  
  13  0:17  Drone  
  14  0:31  Drone x2  
  16  0:48  Hatchery  
  15  0:51  Drone  
  15  0:55  Drone  
  17  1:05  Extractor  
  17  1:10  Spawning Pool  
  15  1:13  Drone  
  15  1:17  Drone  
  17  1:20  Drone  
  18  1:32  Drone  
  19  1:44  Drone  
  20  1:57  Queen  
  20  1:59  Queen  
  20  2:00  Zergling x2  
  20  2:01  Zergling x4  
  27  2:06  Metabolic Boost  
  27  2:13  Overlord  
  27  2:26  Zergling x2  
  28  2:33  Zergling x2  
  28  2:34  Zergling x4  
  28  2:35  Baneling Nest  
  30  2:39  Zergling x2  
  30  2:42  Overlord  
  31  2:57  Zergling x6  
  33  3:06  Zergling x2  
  33  3:07  Zergling x8  
  38  3:18  Baneling x4  
  38  3:19  Zergling x2  
  39  3:23  Zergling x2  
  39  3:24  Zergling x2  
  41  3:32  Zergling x4  
  40  3:44  Zergling x8  
  38  3:51  Zergling x2  
  38  3:52  Zergling x4  
  39  4:02  Drone  
  39  4:03  Drone  
  36  4:12  Zergling x2  
  36  4:13  Zergling x4  
  39  4:17  Baneling x3  
  39  4:24  Zergling x2  
  39  4:25  Zergling x6  
  41  4:37  Overlord  
  38  4:42  Overlord  
  38  4:44  Zergling x8  
  42  4:46  Baneling  
  42  4:54  Overlord  
  42  4:56  Zergling x2  
  36  5:04  Zergling x8  

Tags
 
Add a new tag
Caveats
  • Supply blocks, unpowered buildings, or Contaminate may cause inaccurate times.
  • Supply counts are checked every 10 seconds.